 Dungeon Crawl Stone Soup version 0.28-a0-730-g892d06dc2c (webtiles) character file.

Game seed: 3677060156440667251

13 Leeroy the Scratcher (level 2, -1/12 HPs)
             Began as a Felid Transmuter on Oct 28, 2021.
             Slain by a quokka (5 damage)
             ... on level 1 of the Dungeon.
             The game lasted 00:01:30 (706 turns).

Leeroy the Scratcher (Felid Transmuter)              Turns: 706, Time: 00:01:31

Health: -1/12      AC:  1    Str:  6    XL:     2   Next: 24%
Magic:  6/6        EV: 17    Int: 14    God:
Gold:   18         SH:  0    Dex: 16    Spells: 2/5 levels left
                                        Lives:  0   Deaths: 0

rFire   . . .      SeeInvis +     - Unarmed
rCold   . . .      Faith    .   (shield unavailable)
rNeg    . . .      Spirit   .   (armour unavailable)
rPois   .          Reflect  .   (helmet unavailable)
rElec   .          Harm     .   (cloak unavailable)
rCorr   .          Rampage  .   (gloves unavailable)
Will    .....                   (boots unavailable)
Stlth   +.........              (no amulet)
HPRegen 0.04/turn               (no ring)
MPRegen 0.10/turn               (no ring)

@: quick
A: very small, claws 1, fangs 3, see invisible, speed 1, shaggy fur 1, stealthy
paws, no weapons or thrown items, no armour, multi-lived
a: no special abilities


You were on level 1 of the Dungeon.
You visited 1 branch of the dungeon, and saw 1 of its levels.

You collected 18 gold pieces.

Inventory:

Potions
 a - a potion of mutation {unknown}
 b - a potion of heal wounds {unknown}


   Skills:
 - Level 1.0 Fighting
 - Level 2.9 Dodging
 + Level 3.5 Unarmed Combat
 - Level 2.0 Spellcasting
 - Level 2.3 Transmutations


You had 2 spell levels left.
You knew the following spells:

 Your Spells              Type           Power      Damage    Failure   Level
a - Beastly Appendage     Tmut           14%        N/A       9%          1
b - Wereblood             Tmut           7%         N/A       14%         2

Your spell library contained the following spells:

 Spells                   Type           Power      Damage    Failure   Level
 Spider Form              Tmut/Pois      2%         N/A       41%         3
 Ice Form                 Ice/Tmut       4%         N/A       82%         4


Dungeon Overview and Level Annotations

Branches:
Dungeon (1/15)

Altars:


Innate Abilities, Weirdness & Mutations

You have sharp claws.
You have razor-sharp teeth.
You have supernaturally acute eyesight. (SInv)
You cover ground quickly. (Speed+)
You are covered in fur. (AC +1)
Your paws help you pounce on unaware monsters.
You are incapable of wielding weapons or throwing items.
You cannot wear armour.
You gain extra lives every three experience levels.


Message History

A ball python comes into view.
Found a book of Rime.
The goblin shouts!
The ball python hisses angrily.
You completely miss the giant cockroach.
The giant cockroach closely misses you.
The endoplasm quivers.
You scratch the giant cockroach.
The giant cockroach is almost dead.
The giant cockroach barely misses you.
You scratch the giant cockroach.
You kill the giant cockroach!
You closely miss the goblin. The goblin hits you with a +0 dagger.
You closely miss the goblin. The ball python barely misses you.
The ball python misses you. The goblin closely misses you.
You barely miss the goblin. The ball python misses you.
The ball python closely misses you. x2; The ball python completely misses you.
You barely miss the goblin. The goblin barely misses you.
The ball python bites you. The ball python grabs you.
The ball python constricts you.
You closely miss the ball python. You bite the ball python.
The ball python is severely wounded.
The goblin hits you with a +0 dagger. The ball python bites you.
The ball python constricts you.
* * * LOW HITPOINT WARNING * * *
You escape the ball python's grasp.
You scratch the goblin but do no damage.
The goblin misses you. The endoplasm misses you.
There is an open door here.
There are monsters nearby!
A bat comes into view.
The bat misses you.
A quokka comes into view.
The bat hits you but does no damage.
You claw the bat!
You kill the bat!
You see here a bat corpse.
The quokka completely misses you. The quokka bites you.
You die...

.#####..g##g..#.......
#.......##...........
####....##..........:
#....####.......♣P
#...S# #.......♣
.##...J####.......!.
#.........##.........
###.....#.##.........
#........r@.........#
###....##.....####
#.... #.###.# #####
#.# # #.# #.# #.# #.


You could see an endoplasm, a quokka and a ball python.

Vanquished Creatures
  3 endoplasms (D:1)
  2 giant cockroaches (D:1)
  A goblin (D:1)
  A quokka (D:1)
  2 bats (D:1)
  A kobold (D:1)
  A rat (D:1)
11 creatures vanquished.

Notes
Turn   | Place    | Note
-------+----------+-------------------------------------------
     0 | D:1      | Leeroy the Felid Transmuter began the quest for the Orb.
     0 | D:1      | Reached XP level 1. HP: 9/9 MP: 4/4
   489 | D:1      | Reached XP level 2. HP: 11/12 MP: 6/6
   492 | D:1      | Learned a level 2 spell: Wereblood
   706 | D:1      | Slain by a quokka

Illustrated notes

Levels and vault maps discovered:
D:1:      nzn_arrival_depleted_hourglass, layout_basic, nrook_loot_triangle,
          serial_park_tiny_2

Action                   || total
-------------------------++-------
Melee: Unarmed           ||    35
       Bite              ||     1
 Cast: Beastly Appendage ||     2
 Stab: Sleeping          ||     3
Armor: Skin              ||     4
Dodge: Dodged            ||    37

Table legend: (Time is in decaauts)
 A = Elapsed time spent in this place.
 B = Non-inter-level travel time spent in this place.
 C = Inter-level travel time spent in this place.
 D = Time resting spent in this place.
 E = Time spent auto-exploring this place.
 F = Levels seen in this place.
 G = Mean time per level.
                   A        B        C        D        E       F      G
               +--------+--------+--------+--------+--------+-----+--------+
         Total |    625 |    625 |      0 |      0 |    536 |   1 |  625.0 |
       Dungeon |    625 |    625 |      0 |      0 |    536 |   1 |  625.0 |
               +--------+--------+--------+--------+--------+-----+--------+

Top non-repeatable levels by time:
     D:1: 625 daAuts
